 Dungeon Crawl Stone Soup version 0.28-a0-906-g0406aca7d3 (webtiles) character file.

Game seed: 3009655856748241468

1500 mainiacjoe the Geomancer (level 8, -1/44 (46) HPs)
             Began as an Octopode Earth Elementalist on Nov 23, 2021.
             Was a Believer of Uskayaw.
             Slain by a wight (9 damage)
             ... on level 5 of the Dungeon.
             The game lasted 00:22:14 (6848 turns).

mainiacjoe the Geomancer (OpEE)                     Turns: 6848, Time: 00:22:16

HP:   -1/44 (46)    AC:  1    Str:  7    XL:     8   Next: 81%
MP:   0/10          EV: 13    Int: 18    God:    Uskayaw [**....]
Gold: 196           SH:  0    Dex: 20    Spells: 1/11 levels left

rFire   + . .      SeeInvis .   b - +0 morningstar
rCold   . . .      Faith    .   (no shield)
rNeg    . . .      Spirit   .   (helmet restricted)
rPois   .          Reflect  .   (no amulet)
rElec   .          Harm     .   c - +6 ring of dexterity
rCorr   .          Rampage  .   (no ring)
Will    .....                   (no ring)
Stlth   +++++.....              (no ring)
HPRegen 0.14/turn               (no ring)
MPRegen 0.12/turn               (no ring)
                                (no ring)
                                (no ring)

@: lightly drained
A: almost no armour, amphibious, 8 rings, camouflage 1, gelatinous body 1,
(nimble swimmer 1), tentacles, fire resistance 1, low mp 1
a: Renounce Religion, Stomp, Line Pass


You were on level 5 of the Dungeon.
You worshipped Uskayaw.
Uskayaw was noncommittal.
You visited 2 branches of the dungeon, and saw 6 of its levels.
You also visited: Sewer.

You collected 196 gold pieces.

Inventory:

Hand Weapons
 a - a +0 dagger
 b - a +0 morningstar (weapon)
 m - a +0 quarterstaff
 q - a +0 long sword
 r - a +0 hunting sling
 G - a +1 vampiric glaive
Missiles
 d - 35 arrows
 e - 3 boomerangs of dispersal {=F}
 f - 175 stones
 i - 6 atropa-tipped darts {=F}
 n - 5 javelins
 p - 25 poisoned darts (quivered)
 t - 2 silver boomerangs
 u - 33 bolts
Magical Staves
 k - a staff of air
Jewellery
 c - a +6 ring of dexterity (left tentacle)
 D - a ring of ice
Wands
 j - a wand of paralysis (4)
Scrolls
 h - 6 scrolls of fear
 l - a scroll of summoning {unknown}
 o - a scroll of noise {unknown}
 s - a scroll of enchant weapon {unknown}
 w - a scroll of holy word {unknown}
 x - a scroll of fog {unknown}
 y - a scroll of blinking
Potions
 g - 2 potions of flight
 v - 2 potions of haste
 z - a potion of attraction {unknown}
 E - 2 potions of curing {unknown}
 F - a potion of degeneration {unknown}


   Skills:
 - Level 2.0 Dodging
 * Level 8.7 Stealth
 + Level 2.3 Spellcasting
 - Level 9.0 Conjurations
 + Level 1.5 Transmutations
 - Level 10.3 Earth Magic


You had one spell level left.
You knew the following spells:

 Your Spells              Type           Power      Damage    Failure   Level
a - Sandblast             Erth           78%        2d17      1%          1
b - Passwall              Tmut/Erth      19%        N/A       2%          2
c - Stone Arrow           Conj/Erth      74%        3d11      1%          3
d - Petrify               Tmut/Erth      23%        N/A       16%         4

Your spell library contained the following spells:

 Spells                   Type           Power      Damage    Failure   Level
 Sting                    Tmut/Pois      16%        1d3       13%         1
 Animate Skeleton         Necr           4%         N/A       19%         1
 Pain                     Necr           8%         1d4       19%         1
 Conjure Flame            Conj/Fire      18%        6-21      9%          3
 Poisonous Vapours        Pois/Air       4%         N/A       26%         2
 Sublimation of Blood     Necr           2%         N/A       26%         2
 Sticky Flame             Conj/Fire      18%        2d4       26%         4
 Ignite Poison            Fire/Tmut/Pois 3%         N/A       38%         3
 Vampiric Draining        Necr           2%         2d6       47%         3
 Irradiate                Conj/Tmut      10%        3d17      50%         5
 Olgreb's Toxic Radiance  Pois           2%         N/A       87%         4


Dungeon Overview and Level Annotations

Branches:
Dungeon (5/15)             Temple (1/1) D:4           Sewer (visited)

Altars:
Ashenzari
Cheibriados
Dithmenos
Elyvilon
Fedhas
Gozag
Hepliaklqana
Kikubaaqudgha
Makhleb
Nemelex Xobeh
Okawaru
Qazlal
Ru
Sif Muna
Trog
Uskayaw
Vehumet
Wu Jian
Yredelemnul
Zin
The Shining One

Shops:
D:4 :

Annotations:
D:3 2 transporters, sirJeffrey23's ghost, amateur DsGl


Innate Abilities, Weirdness & Mutations

You cannot wear most types of armour.
You are amphibious.
You can wear up to eight rings at the same time.
Your skin changes colour to match your surroundings (Stealth+).
Your rubbery body absorbs attacks. (AC +1, EV +1)
((You are camouflaged near water. (Stealth+)))
You have tentacles for arms and can constrict up to eight enemies at once.
Your flesh is heat resistant. (rF+)
Your magical capacity is low. (-10% MP)


Message History

You squeeze the wight, but do no damage.
The wight is lightly damaged.
You hit the wight but do no damage. You grab the wight.
The wight is lightly damaged.
You constrict the wight.
The wight seems less confused.
The wight hits you with a +4 halberd!
You hit the wight but do no damage.
The wight is moderately damaged.
You constrict the wight, but do no damage.
The wight hits you with a +4 halberd!
You feel drained.
You hit the wight but do no damage.
The wight is moderately damaged.
You constrict the wight. The wight barely misses you.
You can now pass through a line of other dancers.
Casting: Stone Arrow (safe; 1% risk of failure)
Confirm with . or Enter, or press ? or * to list all spells.
You don't have enough magic to cast this spell.
Unknown command.
Casting: Stone Arrow (safe; 1% risk of failure)
Confirm with . or Enter, or press ? or * to list all spells.
You don't have enough magic to cast this spell.
Unknown command.
Casting: Stone Arrow (safe; 1% risk of failure)
Confirm with . or Enter, or press ? or * to list all spells.
Aiming: Sandblast (safe; 1% risk of failure)
Press: ? - help, Shift-Dir - straight line, f - wight
Aim: a wight, wielding a +4 halberd and wearing a +0 robe (moderately damaged, constricted by you, 100% to hit)
The blast of sand hits the wight but does no damage.
The wight is moderately damaged.
f - 175 stones You constrict the wight.
The wight misses you.
b - a +0 morningstar (weapon)
You constrict the wight, but do no damage.
You puncture the wight!
The wight is almost destroyed.
You constrict the wight, but do no damage.
The wight hits you with a +4 halberd!
* * * LOW HITPOINT WARNING * * *
The wight hits you with a +4 halberd!
You die...

##.####............#.######
####.#..........####..........
##....#.##.#####.# #.#........
...#..#.##.# #.#########
......#.##.# #.# ###.##...#.#
#.####.# # #.##...#.# #......#
#........#########..# #
#...........).@.....# #
##............z.....######
######...#.#########........
.........#.#########..#.....
##########............#.#### #
#.#########.## # . #.# #.# #
#.# #.# #.# #.#


You could see a wight.

Vanquished Creatures
  Pikel (D:5)
  Prince Ribbit (D:5)
  A lemure (D:5)
  3 scorpions
  A wight (D:5)
  2 orc priests (D:4)
  An orc wizard (D:4)
  A hound skeleton (D:4)
  6 gnolls (D:3)
  4 adders
  2 river rats
  3 worms
  2 dart slugs
  3 orcs
  7 endoplasms
  5 giant cockroaches
  3 goblins
  9 hobgoblins
  3 jackals (D:2)
  9 quokkas
  8 ball pythons
  4 bats
  12 frilled lizards
  8 kobolds
  14 rats
  2 butterflies (D:4)
115 creatures vanquished.

Vanquished Creatures (others)
  8 plants (D:3)
8 creatures vanquished.

Grand Total: 123 creatures vanquished

Notes
Turn   | Place    | Note
-------+----------+-------------------------------------------
     0 | D:1      | mainiacjoe the Octopode Earth Elementalist began the quest
                  | for the Orb.
     0 | D:1      | Reached XP level 1. HP: 11/11 MP: 3/3
   165 | D:1      | Reached XP level 2. HP: 17/17 MP: 5/5
   256 | D:1      | Found a faded altar of an unknown god.
   284 | D:1      | Learned a level 2 spell: Passwall
   741 | D:1      | Reached XP level 3. HP: 3/21 MP: 1/6
   745 | D:1      | Learned a level 3 spell: Stone Arrow
  2274 | D:2      | Reached XP level 4. HP: 27/27 MP: 7/7
  2281 | D:2      | Reached skill level 4 in Earth Magic
  2895 | D:3      | Reached skill level 5 in Stealth
  2966 | D:3      | Reached skill level 1 in Conjurations
  2982 | D:3      | Reached XP level 5. HP: 31/31 MP: 6/8
  3488 | D:3      | Found a transporter.
  3488 | D:3      | Noticed sirJeffrey23's ghost (amateur DsGl)
  3490 | D:3      | Found a transporter.
  3490 | D:3      | Noticed an ogre
  3490 | D:3      | Noticed an ogre
  3491 | D:3      | Noticed an ogre
  3963 | D:4      | Reached XP level 6. HP: 33/36 MP: 3/9
  3993 | D:4      | Found a staircase to the Ecumenical Temple.
  4001 | D:4      | Reached skill level 5 in Earth Magic
  4043 | Temple   | Entered the Ecumenical Temple
  4257 | D:4      | Found a glowing drain.
  4375 | Sewer    | Entered a sewer
  5297 | Temple   | Became a worshipper of Uskayaw the Reveller
  5444 | D:4      | Reached * piety under Uskayaw
  5449 | D:4      | Reached ** piety under Uskayaw
  5729 | D:4      | Found Adaclyk's Self-Improvement Boutique.
  5956 | D:5      | Entered Level 5 of the Dungeon
  6052 | D:5      | HP: 1/36 [poisoned by a scorpion]
  6053 | D:5      | Reached skill level 10 in Earth Magic
  6053 | D:5      | Reached XP level 7. HP: 2/41 MP: 8/10
  6054 | D:5      | Gained mutation: Your magical capacity is low. (-10% MP)
                  | [potion of mutation]
  6054 | D:5      | Gained mutation: Your flesh is heat resistant. (rF+)
                  | [potion of mutation]
  6262 | D:5      | Noticed Pikel
  6272 | D:5      | Killed Pikel
  6272 | D:5      | Reached *** piety under Uskayaw
  6273 | D:5      | Reached XP level 8. HP: 19/46 MP: 3/9
  6466 | D:5      | Learned a level 4 spell: Petrify
  6608 | D:5      | Noticed Prince Ribbit
  6614 | D:5      | Killed Prince Ribbit
  6848 | D:5      | Slain by a wight

Illustrated notes

Levels and vault maps discovered:
D:1:      dpeg_arrival_more_subterranean_lakeside_camping, layout_basic,
          ebering_ecumenical_altar_petrified
D:2:      layout_loops_ring, hangedman_feature_mirror
D:3:      layout_loops_corners, gammafunk_ghost_smash, nicolae_grassy_gnolls
D:4:      layout_loops_cross, minmay_temple_entry_butterflies,
          gup_sewer_entry_bubbles, chequers_arboretum, nicolae_shop_self_help
D:5:      layout_loops_ring, ebering_ghost_gozag, uniq_prince_ribbit1,
          uniq_pikel, uniq_crazy_yiuf_cottage
Temple:   mainiacjoe_temple_archimedes_tessellation

Skill      XL: |  1  2  3  4  5  6  7 |
---------------+----------------------+-----
Stealth        | 3 4 5 6 8 |  8.7
Earth Magic    | 4 10 | 10.3
Conjurations   | 1 2 9 |  9.0
Dodging        | |  2.0
Spellcasting   | |  2.3
Transmutations | |  1.5

Action                   |  1- 3 |  4- 6 |  7- 9 || total
-------------------------+-------+-------+-------++-------
Melee: Dagger            |    70 |    76 |    15 ||   161
       Unarmed           |     7 |       |       ||     7
       Constrict         |    22 |    17 |     4 ||    43
       Tentacles         |    19 |    21 |     3 ||    43
       Morningstar       |       |     6 |     1 ||     7
Throw: Dart              |     1 |    43 |    14 ||    58
 Cast: Sandblast         |     8 |    42 |     7 ||    57
       Passwall          |     8 |     7 |     2 ||    17
       Stone Arrow       |       |       |     4 ||     4
Invok: Line Pass         |       |       |     1 ||     1
Evoke: Wand              |       |     3 |       ||     3
  Use: Scroll            |     1 |     3 |       ||     4
       Potion            |       |     2 |     2 ||     4
 Stab: Sleeping          |    16 |    20 |     2 ||    38
Armor: Skin              |     5 |     1 |     1 ||     7
Dodge: Dodged            |    49 |    39 |    21 ||   109

Table legend: (Time is in decaauts)
 A = Elapsed time spent in this place.
 B = Non-inter-level travel time spent in this place.
 C = Inter-level travel time spent in this place.
 D = Time resting spent in this place.
 E = Time spent auto-exploring this place.
 F = Levels seen in this place.
 G = Mean time per level.
                   A        B        C        D        E       F      G
               +--------+--------+--------+--------+--------+-----+--------+
         Total |   6847 |   6576 |    271 |   1283 |   3748 |   7 |  978.1 |
       Dungeon |   5940 |   5729 |    211 |   1141 |   3322 |   5 | 1188.0 |
        Temple |    365 |    305 |     60 |      0 |    171 |   1 |  365.0 |
         Sewer |    541 |    541 |      0 |    142 |    255 |   1 |  541.0 |
               +--------+--------+--------+--------+--------+-----+--------+

Top non-repeatable levels by time:
     D:1: 1605 daAuts
     D:4: 1330 daAuts
     D:3: 1125 daAuts
     D:2: 987 daAuts
     D:5: 891 daAuts
   Sewer: 541 daAuts
  Temple: 365 daAuts
